 Dungeon Crawl Stone Soup version 0.19.0-19-g8c6edcc (webtiles) character file.

1971 HungrySpirit the Cleaver (level 9, -8/82 HPs)
             Began as a Hill Orc Wanderer on Nov 14, 2016.
             Mangled by an orc warrior
             ... wielding a +0 dire flail
              (21 damage)
             ... on level 6 of the Dungeon.
             The game lasted 00:10:08 (6812 turns).

HungrySpirit the Cleaver (Hill Orc Wanderer)        Turns: 6812, Time: 00:10:09

Health: -8/82      AC: 13    Str: 20    XL:     9   Next: 20%
Magic:  9/9        EV:  7    Int: 13    God:
Gold:   288        SH:  3    Dex: 10    Spells: 0 memorised, 8 levels left

rFire  . . .     SeeInvis .     v - +0 war axe
rCold  . . .     Gourm    .     q - +0 storm dragon scales
rNeg   . . .     Faith    .     c - +0 buckler
rPois  +         Spirit   .     u - +0 helmet
rElec  +         Reflect  .     (no cloak)
rCorr  .         Harm     .     t - +0 pair of gloves
MR     .....                    (no boots)
Stlth  ..........               (no amulet)
                                y - +3 ring of strength
                                h - ring of poison resistance

@: no status effects
A: blink
a: Blink


You were on level 6 of the Dungeon.
You were very hungry.

You visited 1 branch of the dungeon, and saw 6 of its levels.

You collected 288 gold pieces.

Inventory:

Hand Weapons
 i - a +0 flail
 n - a +0 war axe
 v - a +0 war axe (weapon)
Armour
 c - a +0 buckler (worn)
 q - +0 storm dragon scales (worn)
 t - a +0 pair of gloves (worn)
 u - a +0 helmet (worn)
Jewellery
 h - a ring of poison resistance (left hand)
 y - a +3 ring of strength (right hand)
Wands
 s - a wand of flame (35/48)
 x - a wand of lightning (11/15)
 B - a wand of disintegration (7/24)
Scrolls
 e - 2 scrolls of recharging
 k - 2 scrolls of teleportation
 l - a scroll of immolation
Potions
 a - 5 potions of curing
 b - 4 potions of lignification
 d - a potion of cure mutation
 j - a potion of degeneration {unknown}
 m - 2 potions of resistance
 o - a potion of flight {unknown}
 p - 2 potions of agility {unknown}
 r - a potion of mutation {unknown}
Comestibles
 f - 5 bread rations
 g - 4 meat rations
 w - a slice of pizza
 A - 2 fruits


   Skills:
 - Level 8.8 Fighting
 * Level 10.8(11.3) Axes
 - Level 4.9(7.6) Maces & Flails
   Level 1.0 Bows
 - Level 3.2 Armour
 - Level 1.1 Shields
 - Level 1.1 Unarmed Combat
 - Level 1.0 Evocations


You had 8 spell levels left.
You didn't know any spells.

Dungeon Overview and Level Annotations

Branches:
Dungeon (6/15)             Temple (0/1) D:4

Altars:
Fedhas
Gozag
Hepliaklqana
Makhleb
Vehumet
Xom

Annotations:
D:3 Crazy Yiuf


Innate Abilities, Weirdness & Mutations

You can translocate small distances at will.


Message History

The orc warrior barely misses you.
You slash the orc warrior!
The orc warrior is severely wounded.
The orc warrior hits you with a dire flail.
You barely miss the orc warrior.
The orc warrior is severely wounded.
You closely miss the orc warrior.
The orc warrior is severely wounded.
The orc warrior hits you with a dire flail!!
* * * LOW HITPOINT WARNING * * *
You hit the orc warrior.
The orc warrior is almost dead.
The orc warrior barely misses you.
You closely miss the orc warrior.
The orc warrior is almost dead.
The orc warrior hits you but does no damage.
You completely miss the orc warrior.
The orc warrior is almost dead.
The orc warrior hits you with a dire flail!!
You die...

..so ..oo .... #...
#.. ###.####
.>...(.###########
.#..))...........#
.#.#...##......)@#
.#......#..(...o.#
....#............#
.####..).........#
...............[)# ##
.###.............##
.. ##
#.......#.._.?.####.#
##....###...........#
#o...# #...........#


You could see an orc warrior.

Vanquished Creatures
  Grinder (D:3)
  Eustachio (D:4)
  Menkaure (D:4)
  An orc warrior (D:6)
  2 sky beasts (D:5)
  2 ogres
  A phantom (D:5)
  A necrophage (D:5)
  2 centaurs (D:5)
  2 scorpions
  2 crimson imps
  2 hounds
  A jelly (D:5)
  5 orc wizards
  2 orc priests (D:5)
  An iguana (D:5)
  A worker ant (D:4)
  A howler monkey zombie (D:5)
  Robin (D:5)
  4 gnolls (D:2)
  7 adders
  An ooze (D:2)
  2 adder skeletons
  3 worms
  3 dart slugs
  3 leopard geckos
  17 orcs
  3 ball pythons
  3 bats (D:2)
  7 giant cockroaches
  16 goblins
  8 hobgoblins
  9 jackals
  6 quokkas
  4 frilled lizards
  A jackal skeleton (D:4)
  4 kobolds
  7 rats
138 creatures vanquished.

Notes
Turn   | Place    | Note
-------+----------+-------------------------------------------
     0 | D:1      | HungrySpirit the Hill Orc Wanderer began the quest for the Orb.
     0 | D:1      | HungrySpirit set off with: a +2 scale mail, a potion of lignification, a +0 buckler, a +0 club, a bread ration
     0 | D:1      | Reached XP level 1. HP: 19/19 MP: 1/1
   281 | D:1      | Reached XP level 2. HP: 23/27 MP: 2/2
   948 | D:2      | Reached skill level 1 in Maces & Flails
  1126 | D:2      | Reached XP level 3. HP: 14/34 MP: 3/3
  1260 | D:2      | Reached skill level 5 in Fighting
  1260 | D:2      | Reached XP level 4. HP: 25/42 MP: 4/4
  1681 | D:2      | Found a shimmering altar of Xom.
  2143 | D:2      | Found a burning altar of Makhleb.
  2182 | D:2      | Reached XP level 5. HP: 50/50 MP: 5/5
  2522 | D:3      | Found a runed door.
  2610 | D:3      | Found a hazy altar of Hepliaklqana.
  2672 | D:3      | Found an opulent altar of Gozag.
  2907 | D:3      | Noticed Grinder
  2917 | D:3      | Paralysed by Grinder for 2 turns
  2923 | D:3      | Killed Grinder
  2923 | D:3      | Reached XP level 6. HP: 46/60 MP: 6/6
  3102 | D:3      | Noticed Crazy Yiuf
  3733 | D:4      | Found a staircase to the Ecumenical Temple.
  3774 | D:4      | Reached XP level 7. HP: 17/68 MP: 7/7
  4065 | D:4      | Noticed Robin
  4071 | D:4      | Noticed Eustachio
  4100 | D:5      | Entered Level 5 of the Dungeon
  4103 | D:5      | Killed Robin
  4331 | D:4      | Killed Eustachio
  4743 | D:4      | Reached skill level 1 in Axes
  4769 | D:4      | Noticed Menkaure
  4777 | D:4      | Killed Menkaure
  4777 | D:4      | Reached skill level 3 in Axes
  4777 | D:4      | Reached XP level 8. HP: 70/77 MP: 8/8
  4992 | D:5      | Found a blossoming altar of Fedhas.
  5115 | D:5      | Reached skill level 4 in Axes
  5151 | D:5      | Reached skill level 5 in Axes
  5175 | D:5      | Reached skill level 6 in Axes
  5492 | D:5      | Reached skill level 7 in Axes
  5536 | D:5      | Reached skill level 8 in Axes
  5769 | D:5      | Reached skill level 9 in Axes
  5776 | D:5      | Gained mutation: You can translocate small distances at will. [mutagenic meat]
  5945 | D:5      | Reached XP level 9. HP: 81/81 MP: 9/9
  5997 | D:5      | Reached skill level 10 in Axes
  6322 | D:6      | Found a radiant altar of Vehumet.
  6812 | D:6      | Mangled by an orc warrior

Skill      XL: |  1  2  3  4  5  6  7  8  9 |
---------------+----------------------------+-----
Fighting       | 4 5 7 8 |  8.8
Maces & Flails | 1 2 4 |  4.9
Axes           | 3 9 10 | 10.8
Bows           | |  1.0
Armour         | |  3.2
Shields        | |  1.1
Unarmed Combat | |  1.1
Evocations     | |  1.0

Action                   |  1- 3 |  4- 6 |  7- 9 || total
-------------------------+-------+-------+-------++-------
Melee: Club              |   120 |    49 |       ||   169
       Whip              |       |   126 |       ||   126
       Flail             |       |   153 |    82 ||   235
       War axe           |       |       |   234 ||   234
Throw: Throwing net      |       |     1 |       ||     1
Evoke: Wand              |       |    11 |     2 ||    13
  Use: Potion            |     1 |       |     2 ||     3
       Scroll            |       |       |     8 ||     8
  Eat: Chunk             |       |    10 |    10 ||    20
Armor: Scale mail        |    59 |       |       ||    59
       Storm dragon scal |    31 |   242 |   197 ||   470
Dodge: Dodged            |    54 |    87 |    86 ||   227
Block: Buckler           |    22 |    58 |    44 ||   124
